 Dungeon Crawl Stone Soup version 0.20.2-3-g29329e0561 (webtiles) character file.

154 Alfie the Skirmisher (level 5, -4/47 HPs)
             Began as a Hill Orc Fighter on Oct 12, 2022.
             Engulfed by a cloud of flame (13 damage)
             ... on level 2 of the Dungeon.
             The game lasted 00:04:44 (1302 turns).

Alfie the Skirmisher (Hill Orc Fighter)             Turns: 1302, Time: 00:04:44

Health: -4/47      AC:  8    Str: 20    XL:     5   Next: 36%
Magic:  5/5        EV:  7    Int:  8    God:
Gold:   48         SH:  9    Dex: 10    Spells: 4/4 levels left

rFire    . . .     SeeInvis .   a - +1 rapier
rCold    . . .     Gourm    .   c - +0 shield
rNeg     . . .     Faith    .   b - +0 scale mail
rPois    .         Spirit   .   j - +0 helmet
rElec    .         Reflect  .   (no cloak)
rCorr    .         Harm     .   (no gloves)
MR       .....                  (no boots)
Stlth    ..........             (no amulet)
Regen    0.2/turn               (no ring)
MPRegen  0.1/turn               (no ring)

@: no status effects
A: no striking features
a: no special abilities


You were on level 2 of the Dungeon.
You were not hungry.

You visited 1 branch of the dungeon, and saw 2 of its levels.

You collected 48 gold pieces.

Inventory:

Hand Weapons
 a - a +1 rapier (weapon)
Missiles
 i - 2 tomahawks (quivered)
Armour
 b - a +0 scale mail (worn)
 c - a +0 shield (worn)
 j - a +0 helmet (worn)
Jewellery
 e - an uncursed ring of ice {unknown}
 h - a +2 ring of evasion {unknown}
Scrolls
 k - 4 scrolls of remove curse
 o - a scroll of recharging
Potions
 d - a potion of might
Comestibles
 f - a bread ration
 l - a royal jelly


   Skills:
 + Level 4.5 Fighting
 + Level 3.4 Short Blades
 + Level 3.7 Armour
 + Level 0.7 Dodging
 + Level 0.1 Stealth
 + Level 4.3 Shields


You had 4 spell levels left.
You didn't know any spells.

Dungeon Overview and Level Annotations

Branches:
Dungeon (2/15)

Altars:

Annotations:
D:2 Robin


Message History

You throw a tomahawk.
The tomahawk hits the goblin but does no damage.
The goblin hits you but does no damage. The goblin barely misses you.
You hit the goblin.
You kill the goblin!
Robin throws the goblin at you!
You hit the goblin.
The goblin explodes!
The fiery explosion engulfs the goblin.
You kill the goblin!
The fiery explosion engulfs you!
You are engulfed in blazing flames.
* * * LOW HITPOINT WARNING * * *
The kobold throws a stone.
The stone barely misses you.
Throwing (i - inventory):
i - 3 tomahawks (quivered)
Press: ? - help, Shift-Dir - straight line, f - goblin
Aim: a goblin (unusually strong, inner flame)
You throw a tomahawk. The tomahawk barely misses the goblin.
The tomahawk completely misses the goblin.
You are engulfed in blazing flames.
You die...

# *,,,,,,,,,****,,* #
*,.(.....,,,,,,,* #
*,,..>..,,****,** #
*,,.....,,* *,* #
*,,,ggg,,,* *,* #
*,,,ggK,,,* *,* #
****#ยง#**** *,* # #(# *,*
################@# *,*
.................####****,*
.####.#######..(.......,,,*
## #.# ###########****
#####)# ......# #######


You could see a hobgoblin (inner flame), 4 goblins and a kobold (inner flame).

Vanquished Creatures
  Terence (D:2)
  Natasha (D:2)
  3 gnolls (D:2)
  3 adders (D:2)
  An ooze (D:1)
  A worm (D:2)
  A dart slug (D:1)
  A leopard gecko (D:1)
  A giant cockroach (D:1)
  8 goblins
  5 hobgoblins
  4 kobolds
  4 bats
  4 frilled lizards
  6 rats
44 creatures vanquished.

Notes
Turn   | Place    | Note
-------+----------+-------------------------------------------
     0 | D:1      | Alfie the Hill Orc Fighter began the quest for the Orb.
     0 | D:1      | Reached XP level 1. HP: 19/19 MP: 1/1
    97 | D:1      | Reached XP level 2. HP: 25/27 MP: 2/2
   325 | D:1      | Reached XP level 3. HP: 21/33 MP: 3/3
   880 | D:2      | Noticed Terence
   901 | D:2      | Killed Terence
   901 | D:2      | Reached XP level 4. HP: 26/41 MP: 4/4
   934 | D:2      | Reached XP level 5. HP: 6/47 MP: 5/5
  1158 | D:2      | Noticed Natasha
  1170 | D:2      | Killed Natasha
  1297 | D:2      | Noticed Robin
  1302 | D:2      | Engulfed by a cloud of flame

Skill      XL: |  1  2  3  4 |
---------------+-------------+-----
Fighting       | 4 |  4.5
Shields        | 4 |  4.3
Short Blades   | 3 |  3.4
Armour         | |  3.7
Dodging        | |  0.7
Stealth        | |  0.1

Action                   |  1- 3 |  4- 6 || total
-------------------------+-------+-------++-------
Melee: Rapier            |   127 |    45 ||   172
Throw: Tomahawk          |       |     4 ||     4
  Use: Scroll            |     3 |     3 ||     6
       Potion            |       |     3 ||     3
  Eat: Royal jelly       |       |     1 ||     1
Armor: Scale mail        |    62 |    10 ||    72
Dodge: Dodged            |    45 |    10 ||    55
Block: Shield            |    60 |    16 ||    76
